FIQ, neutral male scurrid Tourist }}}}}}}}}}}}}}}}}}}}}}}}}}}}}}}}}}}}}}}}}}}}} }}}}}}}}}}}}}}}}}} }}}}}}}}}}}}}}.}}}}} }}}}}}}}}}}}}} .}}}}}}}}.}}} ..} }}..}}}}..#.}}}}}}...#... .# }.. #..`}}}}...}}}}}.....# }}}}}......# #......}}}}..#..I}.}}}`}}...}}} # #.}}}}.....}}}}}}.# }}}}}}}`.# #..}}}}}}}}}}} #}I}I}}}}}..}}}}}}}}}}}..... }}}}}...}}}}}}}} }}}}}}}}}#.}}}}}}}}}}}}}}}}.# ...+...}}}}}}..}}}}}}}}}.}}}}}}}}}}}}} }}}}}}}}}}}}}}}}.}}}.}}. #...} #}}}}}}}}}}}....}}}}}}}}}}#}}}}}.# }...}}}}}}}}}}}}}}...}}}} }}..}}}}}}}}}}} #...}}}}}}}}.# .#.... # ...}}}}}}}}}}}}}.}}}}}} }}}}}}}}}?....}}}}} ..}}.}}}}}}}}}} .... # .}}}}}.# }}}}}}}}}} }}}}}}}}}}}}}}}}. #.. }}}}}}}}}}}..}}}}}! --`- # }}....} }}}}}} }}}}.}..}}}}} # }}}}}}}}}}}[.#.}}}}.# }.}}}}}.. }} }} #.}.. #.}}}}}}.}}}}}}}....}}.. }}}..# }}. .}}}}}}}...}}}}} }}}}}}}# .# }.}}}}}}}}.#..}}}}}}}}}}}} }}}}}}}}}}}}} }.}}}}}}}}}}}}}} }}}}}}}}}}}}}} }}}}}}}}}}}}}}}}} FIQ the Rambler Experience level: 1 Strength: 11 Dexterity: 12 Constitution: 14 Intelligence: 13 Wisdom: 11 Charisma: 12 Health: 0(9) Energy: 2(2) Def: 0 Gold: 917 Moves: 60 Dungeon seed: N7OQBs8ytQvwdxWi Game ID: FIQ_1498600775 Your Inventory: Coins $ - 917 gold pieces Weapons a - 38 uncursed +2 darts (in quiver) Armor e - an uncursed +0 Hawaiian shirt (being worn) Comestibles b - an uncursed chestnut c - 3 uncursed food rations d - 2 uncursed tins of goblin meat f - an uncursed tripe ration g - an uncursed lembas wafer h - an uncursed apple i - 2 uncursed eggs j - an uncursed cream pie Scrolls l - 3 uncursed scrolls of blank paper m - a blessed scroll of blank paper Potions k - 2 uncursed potions of water r - an uncursed potion of water Wands p - an uncursed wand of secret door detection (0:12) Tools n - an uncursed expensive camera (0:46) o - an uncursed credit card q - an uncursed oil lamp (0:1184) Spells and supernatural/magical abilities: Name Level Category Fail Memory W - pray for help -- divine ? -- Your skills at the end: Miscellaneous Skills wands [Basic] Weapon Skills dart [Basic] Spellcasting Skills Final Attributes: You were devoutly aligned. You were blinded. You had infravision. You were very stealthy. You are dead. Voluntary challenges: You went without food. You did not adorn yourself with jewelry or accessories. You did not cause conflict. You were not invisible. You did not have reflection. You were not displaced. You were an atheist. You never hit with a wielded weapon. You were a pacifist. You did not use tools. You did not use sinks. You did not drink any magical draughts. You were illiterate. You never genocided any monsters. You never polymorphed an object. You never changed form. You used no wishes. You never split a pudding. You never wrote Elbereth's name. You never violated your personal moral code. Dungeon overview: The Dungeons of Doom: levels 1 to 24 Level 1 a long staircase Level 2 a long staircase Level 3 Level 4 Level 5 Level 6 Level 7 a fountain Level 8 Level 9 Level 10 Level 11 Level 12 Level 13 Level 14 Level 15 Level 16 Level 17 Level 18 Level 19 Level 20 Level 21 Level 22 Level 23 a general store Level 24 <- You were here many trees History has recorded: On T:1 you entered the Dungeons of Doom to retrieve the Amulet of Yendor! On T:4 you reached level 2 of The Dungeons of Doom. On T:6 you reached level 3 of The Dungeons of Doom. On T:8 you reached level 4 of The Dungeons of Doom. On T:10 you reached level 5 of The Dungeons of Doom. On T:13 you reached level 6 of The Dungeons of Doom. On T:15 you reached level 7 of The Dungeons of Doom. On T:17 you reached level 8 of The Dungeons of Doom. On T:19 you reached level 9 of The Dungeons of Doom. On T:22 you reached level 10 of The Dungeons of Doom. On T:25 you reached level 11 of The Dungeons of Doom. On T:28 you reached level 12 of The Dungeons of Doom. On T:30 you reached level 13 of The Dungeons of Doom. On T:32 you reached level 14 of The Dungeons of Doom. On T:34 you reached level 15 of The Dungeons of Doom. On T:34 you entered the Rogue tribute level. On T:37 you reached level 16 of The Dungeons of Doom. On T:39 you reached level 17 of The Dungeons of Doom. On T:41 you reached level 18 of The Dungeons of Doom. On T:43 you reached level 19 of The Dungeons of Doom. On T:47 you reached level 20 of The Dungeons of Doom. On T:49 you reached level 21 of The Dungeons of Doom. On T:52 you reached level 22 of The Dungeons of Doom. On T:54 you reached level 23 of The Dungeons of Doom. On T:56 you reached level 24 of The Dungeons of Doom. Score breakdown: Gold: 517 ( 51 points) Experience: 1 level ( 0 points) Exploration: 24 levels ( 690 points) Discoveries: 2 items ( 100 points) Variety of kills: 0 monsters ( 0 points) Major goal: (nothing yet) ( 0 points) Survival: died (score multiplied by 3) Total score: 2523 Latest messages: You continue digging downward. You dig a hole through the floor. You fall through... You start digging downward. You continue digging downward. As you dig, the hole fills with water! You fall into the water! You sink like a rock. You try to crawl out of the water. Pheew! That was close. That command is only available in debug mode. You fall into the water! You sink like a rock. You try to crawl out of the water. Pheew! That was close. That command is only available in debug mode. You fall into the water! You sink like a rock. You try to crawl out of the water. Pheew! That was close. The raven pecks! The raven blinds you! Something pecks! That command is only available in debug mode. You claw something. Something pecks! (2x) You die... Final status: Aloha FIQ the Tourist, killed by a raven... You died in The Dungeons of Doom on dungeon level 24 with 2523 points, and 917 pieces of gold, after 60 moves. You were level 1 with a maximum of 9 hit points when you died.